 Dungeon Sprint DCSS version 0.21.1-1-g345015f (webtiles) character file.

6346 Fang the Severer (level 10, -6/105 HPs)
             Began as a Minotaur Berserker on May 3, 2018.
             Was the Champion of Trog.
             Mangled by an acid blob (30 damage)
             ... in the Dungeon (Sprint V: "Ziggurat Sprint").
             The game lasted 00:06:26 (792 turns).

Fang the Severer (Minotaur Berserker)                Turns: 792, Time: 00:06:26

Health: -6/105     AC: 14    Str: 32    XL:     10   Next: 65%
Magic:  0/0        EV: 12    Int: 15    God:    Trog [******]
Gold:   0          SH:  0    Dex:  9    Spells: 9/9 levels left

rFire    . . .     SeeInvis .   b - +5 war axe "Vat Cue" {flame, +Rage +Fly MP-9 Int+4}
rCold    + . .     Gourm    .   (no shield)
rNeg     . . .     Faith    .   j - +9 shadow dragon scales
rPois    .         Spirit   .   (helmet restricted)
rElec    +         Reflect  .   H - +1 cloak of Insatiable Hunger {rC+ Int+7}
rCorr    .         Harm     +   (no gloves)
MR       .....     Rnd*Rage +   (no boots) Stlth +++.......NoTele +
                                C - amulet of Thoughtfulness {Harm *Drain rElec}
HPRegen  0.27/turn              G - ring of flight
MPRegen  0.07/turn              F - +6 ring of strength

@: corroded, berserk cooldown, slowed, studying Short Blades, very slow
A: retaliatory headbutt, horns 2, berserk 1
a: Berserk, Trog's Hand, Brothers in Arms, Burn Spellbooks, Renounce Religion,
Evoke Berserk Rage, Evoke Flight


You were in the Dungeon.
You worshipped Trog.
Trog was exalted by your worship.
You were very hungry.

You visited 1 branch

Inventory:

Hand Weapons
 b - the +5 war axe "Vat Cue" (weapon) {flame, +Rage +Fly MP-9 Int+4}
   (You found it in the Dungeon)

   It has been specially enchanted to burn those struck by it, causing extra
   injury to most foes and up to half again as much damage against particularly
   susceptible opponents.
   Big, fiery blades are also staple armaments of hydra-hunters.
   It affects your intelligence (+4).
   It affects your magic capacity (-9).
   It lets you fly.
   It lets you go berserk.
 l - a +5 demon trident of freezing
Armour
 j - +9 shadow dragon scales (worn)
 H - the +1 cloak of Insatiable Hunger (worn) {rC+ Int+7}
   (You found it in the Dungeon)

   It affects your intelligence (+7).
   It protects you from cold.
Jewellery
 C - the amulet of Thoughtfulness (around neck) {Harm *Drain rElec}
   (You found it in the Dungeon)

   [amulet of harm]

   It increases damage dealt and taken.
   It insulates you from electricity.
   It causes draining when unequipped.
 D - the ring of Syetourgh {AC+6 Dex+3}
   (You found it in the Dungeon)

   [ring of protection]

   It affects your AC (+6).
   It affects your dexterity (+3).
 F - a +6 ring of strength (right hand)
 G - a ring of flight (left hand)
 I - the ring "Kiolla" {rC+ MR+}
   (You took it off an orc warrior in the Dungeon)

   [ring of protection from cold]

   It protects you from cold.
   It affects your resistance to hostile enchantments.
Wands
 x - a wand of disintegration (7)
 y - a wand of iceblast (7)
 z - a wand of acid (7)
Scrolls
 i - 4 scrolls of blinking
 m - 7 scrolls of fog
 n - a scroll of holy word
 o - 5 scrolls of identify
 p - 5 scrolls of remove curse
 q - 2 scrolls of fear
 E - 4 scrolls of enchant weapon
Potions
 d - 10 potions of curing
 e - 10 potions of heal wounds
 f - 14 potions of haste
 g - 7 potions of magic
 h - 3 potions of berserk rage
 r - 2 potions of brilliance
 s - 2 potions of invisibility
 t - 4 potions of resistance
 u - a potion of experience
 v - 5 potions of agility
 w - 7 potions of might
Books
 B - a manual of Short Blades
Miscellaneous
 a - a sack of spiders
 k - a phial of floods
 J - a phial of floods
Comestibles
 c - 8 rations


   Skills:
 + Level 15.3 Fighting
 + Level 18.1(19.3) Axes
 + Level 12.4(16.6) Polearms
 + Level 10.1 Armour
 + Level 8.3 Dodging
 + Level 2.0 Stealth


You had 9 spell levels left.
You didn't know any spells.

Dungeon Overview and Level Annotations

Branches:
Dungeon (1/1)

Altars:
Ashenzari
Cheibriados
Dithmenos
Elyvilon
Fedhas
Gozag
Hepliaklqana
Kikubaaqudgha
Makhleb
Nemelex Xobeh
Okawaru
Qazlal
Ru
Sif Muna
Trog
Uskayaw
Vehumet
Wu Jian
Xom
Yredelemnul
Zin
The Shining One
Beogh
Jiyva
Lugonu

Annotations:
D 1 transporter


Innate Abilities, Weirdness & Mutations

You reflexively headbutt those who attack you in melee.
You have a pair of horns on your head.
You tend to lose your temper in combat.


Message History

* * * LOW HITPOINT WARNING * * *
The slime creature hits you but does no damage.
You are too injured to fight recklessly!
Unknown command.
You are too injured to fight recklessly!
Unknown command.
You are too injured to fight recklessly!
Unknown command.
You are too injured to fight recklessly!
You hit the eye of devastation but do no damage.
The eye of devastation is heavily wounded.
You slash the shining eye! You burn the shining eye.
You hit the eye of devastation but do no damage.
You slash the slime creature! You burn the slime creature.
You slash the acid blob! You burn the acid blob. The acid corrodes you!
Your hands burn!
* * * LOW HITPOINT WARNING * * *
The acid blob barely misses you. The slime creature closely misses you.
The acid blob hits you!!
You die...

▓.▓.....▓.▓.▓...▓.▓
▓....©....▓...©...▓
▓▓▓▓▓▓▓▓▓▓▓▓▓▓▓▓▓▓▓▓▓
▓...8©8...▓...8©8...▓
▓..|):==..▓..)=):|..▓
▓..)=)==..▓...[[=|..▓
▓.........▓.........▓
▓...GJJ...▓.....)...▓
▓....@G...▓...))....▓
▓.....G...▓....)....▓
▓.........▓.▓.....▓.▓
▓.▓.....▓.▓....©....▓
▓....©....▓▓▓▓▓▓▓▓▓▓▓
▓▓▓▓▓▓▓▓▓▓▓


You could see an acid blob, a slime creature, a shining eye and 2 eyes of
devastation.

Vanquished Creatures
  An acid blob (D)
  A thrashing horror (D)
  A shining eye (D)
  3 naga magi (D)
  A black mamba (D)
  A spiny frog (D)
  A hippogriff (D)
  2 slime creatures (D)
  2 yaks (D)
  5 water moccasins (D)
  4 orc warriors (D)
  A crocodile (D)
  A bullfrog (D)
  A crimson imp (D)
  2 jellies (D)
  An orc priest (D)
  An iron imp (D)
  An orc wizard (D)
  An iguana (D)
  2 adders (D)
  A river rat (D)
  2 shadow imps (D)
  A white imp (D)
  2 ufetubi (D)
  3 oozes (D)
  7 orcs (D)
  8 ball pythons (D)
  A bat skeleton (D)
  A ball python skeleton (D)
59 creatures vanquished.

Notes
Turn   | Place    | Note
-------+----------+-------------------------------------------
     0 | D        | Found the +6 Majin-Bo {vamp, Archmagi MP+6 Int+6}
     0 | D        | Found the +7 great mace "Firestarter" {inner flame, rF++}
     0 | D        | Fang the Minotaur Berserker began the quest for the Orb.
     0 | D        | Reached XP level 1. HP: 19/19 MP: 0/0
     3 | D        | Found a blossoming altar of Fedhas.
     4 | D        | Found a viscous altar of Jiyva.
     4 | D        | Found a hazy altar of Hepliaklqana.
     4 | D        | Found a transporter.
     4 | D        | Found an opulent altar of Gozag.
     4 | D        | Found an ancient bone altar of Kikubaaqudgha.
     4 | D        | Found a corrupted altar of Lugonu.
    10 | D        | Found a burning altar of Makhleb.
    11 | D        | Found a stormy altar of Qazlal.
    11 | D        | Found a sacrificial altar of Ru.
    11 | D        | Found an iron altar of Okawaru.
    11 | D        | Found a deep blue altar of Sif Muna.
    11 | D        | Found a sparkling altar of Nemelex Xobeh.
    11 | D        | Found a bloodstained altar of Trog.
    75 | D        | Entered arena 2.
    75 | D        | Noticed an iguana
    75 | D        | Found a transporter.
    80 | D        | Killed an iguana
    80 | D        | Reached skill level 5 in Fighting
    80 | D        | Reached skill level 5 in Axes
    80 | D        | Reached XP level 2. HP: 29/29 MP: 1/1
    81 | D        | Reached XP level 3. HP: 37/37 MP: 2/2
    89 | D        | Identified the Disquisition on Fetching Dark Magic
   134 | D        | Entered arena 3.
   134 | D        | Noticed a water moccasin
   134 | D        | Found a transporter.
   138 | D        | Reached ** piety under Trog
   139 | D        | Killed a water moccasin
   139 | D        | Reached skill level 8 in Axes
   139 | D        | Reached XP level 4. HP: 48/48 MP: 3/3
   139 | D        | Reached XP level 5. HP: 53/53 MP: 4/4
   140 | D        | Reached *** piety under Trog
   171 | D        | Entered arena 4.
   171 | D        | Found a transporter.
   178 | D        | Reached **** piety under Trog
   179 | D        | Received a gift from Trog
   186 | D        | Identified Sif Muna's Papyrus of Clay
   191 | D        | Entered arena 5.
   191 | D        | Found a transporter.
   192 | D        | Found the -2 hat of the Alchemist {rElec rPois rF+ rC+ rN+ MR+ rMut rCorr}
   197 | D        | Reached skill level 9 in Axes
   197 | D        | Reached skill level 5 in Armour
   199 | D        | Reached ***** piety under Trog
   208 | D        | Got the +5 war axe "Vat Cue" {flame, +Rage +Fly MP-9 Int+4}
   268 | D        | Entered arena 6.
   268 | D        | Found a transporter.
   271 | D        | Reached XP level 6. HP: 63/63 MP: 0/5
   274 | D        | Received a gift from Trog
   284 | D        | Got the amulet "Ydalasen" {Harm *Drain Str-3 Dex+2 Slay+3}
   288 | D        | Got the amulet of Thoughtfulness {Harm *Drain rElec}
   294 | D        | Entered arena 7.
   294 | D        | Noticed a thrashing horror
   295 | D        | Found a transporter.
   297 | D        | Killed a thrashing horror
   297 | D        | Reached skill level 12 in Axes
   297 | D        | Reached XP level 7. HP: 74/74 MP: 0/6
   345 | D        | Entered arena 8.
   345 | D        | Noticed a spiny frog
   345 | D        | Noticed a yak
   345 | D        | Noticed a yak
   345 | D        | Noticed a hippogriff
   347 | D        | Found a transporter.
   349 | D        | Killed a spiny frog
   349 | D        | Reached skill level 13 in Axes
   349 | D        | Reached XP level 8. HP: 83/83 MP: 0/7
   351 | D        | Received a gift from Trog
   351 | D        | Reached ****** piety under Trog
   352 | D        | Killed a hippogriff
   352 | D        | Reached skill level 1 in Stealth
   354 | D        | Reached skill level 14 in Axes
   412 | D        | Entered arena 9.
   413 | D        | Found a transporter.
   420 | D        | Reached XP level 9. HP: 93/93 MP: 0/8
   422 | D        | Received a gift from Trog
   450 | D        | Got the ring of Syetourgh {AC+6 Dex+3}
   455 | D        | Got the +1 cloak of Insatiable Hunger {rC+ Int+7}
   467 | D        | Entered arena 10.
   468 | D        | Found a transporter.
   471 | D        | Reached skill level 10 in Polearms
   474 | D        | Received a gift from Trog
   476 | D        | Reached skill level 15 in Axes
   480 | D        | Got the ring "Kiolla" {rC+ MR+}
   505 | D        | Entered arena 11.
   505 | D        | Noticed a naga mage
   505 | D        | Noticed a black mamba
   505 | D        | Noticed a naga mage
   505 | D        | Noticed a naga mage
   507 | D        | Found a transporter.
   512 | D        | Killed a black mamba
   519 | D        | Killed a naga mage
   519 | D        | Received a gift from Trog
   520 | D        | Killed a naga mage
   520 | D        | Reached skill level 16 in Axes
   524 | D        | Killed a naga mage
   524 | D        | Reached XP level 10. HP: 79/104 MP: 0/9
   780 | D        | Entered arena 12.
   780 | D        | Noticed an acid blob
   780 | D        | Noticed an eye of devastation
   780 | D        | Noticed a shining eye
   781 | D        | Found the +3 sling "Punk" {acid, rCorr}
   782 | D        | Noticed a shining eye
   782 | D        | Noticed an acid blob
   782 | D        | Noticed an eye of devastation
   783 | D        | Found a transporter.
   783 | D        | Gained mutation: You tend to lose your temper in combat. [a shining eye]
   789 | D        | Killed an acid blob
   789 | D        | Received a gift from Trog
   789 | D        | Reached skill level 15 in Fighting
   789 | D        | Reached skill level 17 in Axes
   791 | D        | Killed a shining eye
   791 | D        | Reached skill level 18 in Axes
   791 | D        | Reached skill level 10 in Armour
   792 | D        | Mangled by an acid blob

Skill      XL: |  1  2  3  4  5  6  7  8  9 10 |
---------------+-------------------------------+-----
Fighting       | 5 8 9 11 13 14 15 | 15.3
Axes           | 5 8 9 12 13 14 16 18 | 18.1
Armour         | 3 4 5 7 8 9 10 | 10.1
Dodging        | 3 4 6 7 8 |  8.3
Polearms       | 2 4 7 8 9 11 12 | 12.4
Stealth        | 1 2 |  2.0

Action                   |  1- 3 |  4- 6 |  7- 9 | 10-12 || total
-------------------------+-------+-------+-------+-------++-------
Melee: Demon trident     |     6 |    15 |       |       ||    21
       War axe           |       |     6 |    40 |     7 ||    53
       Headbutt          |       |     3 |     7 |     2 ||    12
Invok: Berserk           |     1 |     1 |     2 |     1 ||     5
       Burn Spellbooks   |     1 |     1 |       |       ||     2
  Use: Scroll            |       |     5 |       |       ||     5
  Eat: Chunk             |       |       |     2 |     1 ||     3
Armor: Shadow dragon sca |     4 |    15 |    19 |     4 ||    42
Dodge: Dodged            |     5 |    15 |    14 |     7 ||    41
